 Dungeon Crawl Stone Soup version 0.18-a0-1804-g0930707 (webtiles) character file.

140 Laan the Conjurer (level 5, 0/28 HPs)
             Began as a Deep Elf Ice Elementalist on Apr 25, 2016.
             Was a Follower of Vehumet.
             Slain by Pikel
             ... wielding a +0 whip of electrocution
              (10 damage)
             ... on level 4 of the Dungeon.
             The game lasted 00:09:00 (2571 turns).

Laan the Conjurer (Deep Elf Ice Elementalist)       Turns: 2571, Time: 00:09:00

Health: 0/28       AC:  2    Str:  5    XL:     5   Next: 2%
Magic:  1/11       EV: 13    Int: 21    God:    Vehumet [*.....]
Gold:   117        SH:  0    Dex: 15    Spells: 2 memorised, 7 levels left

rFire  . . .     SeeInvis .     v - +0 whip (elec)
rCold  . . .     Gourm    .     a - +0 robe
rNeg   . . .     Faith    .     (no shield)
rPois  .         Spirit   .     (no helmet)
rElec  .         Dismiss  .     (no cloak)
rCorr  .         Reflect  .     (no gloves)
SustAt .         Harm     .     (no boots)
MR     .....                    (no amulet)
Stlth  ++........               (no ring)
                                (no ring)

@: not resistant to hostile enchantments, unstealthy
A: no striking features
a: Renounce Religion


You were on level 4 of the Dungeon.
You worshipped Vehumet.
Vehumet was aware of your devotion.
You were not hungry.

You visited 1 branch of the dungeon, and saw 4 of its levels.

You collected 117 gold pieces.

Inventory:

Hand Weapons
 v - a +0 whip of electrocution (weapon)
Armour
 a - a +0 robe (worn)
Jewellery
 e - an uncursed ring of protection from fire {unknown}
Scrolls
 g - 2 scrolls of remove curse {unknown}
 h - 5 scrolls of identify {unknown}
 i - 2 scrolls of noise {unknown}
 j - a scroll of fear {unknown}
 m - a scroll of fog {unknown}
 n - a scroll of teleportation {unknown}
 o - a scroll of magic mapping {unknown}
 p - a scroll of random uselessness {unknown}
 t - a scroll of enchant armour {unknown}
 u - a scroll of enchant weapon {unknown}
Potions
 d - a potion of brilliance {unknown}
 f - a potion of haste {unknown}
 k - a potion of cancellation {unknown}
 l - 2 potions of ambrosia {unknown}
 s - a potion of heal wounds {unknown}
Books
 b - a book of Frost

   Spells                             Type                      Level
   a - Freeze                         Ice                          1
   b - Throw Frost                    Conjuration/Ice              2
   c - Ozocubu's Armour               Charms/Ice                   3
   d - Throw Icicle                   Conjuration/Ice              4
   e - Summon Ice Beast               Ice/Summoning                4
Comestibles
 c - a bread ration
 q - 2 chunks of flesh
 r - a meat ration


   Skills:
 - Level 2.4 Dodging
 - Level 2.4 Stealth
 - Level 3.0 Spellcasting
 + Level 4.9 Conjurations
 - Level 4.0 Ice Magic


You had 7 spell levels left.
You knew the following spells:

 Your Spells              Type           Power        Failure   Level  Hunger
a - Freeze                Ice            ###.         2%          1    None
b - Throw Frost           Conj/Ice       ###...       3%          2    ##.....


Dungeon Overview and Level Annotations

Branches:
Dungeon (4/15)
 Temple: D:4-7

Altars:
Cheibriados
Pakellas
Vehumet
Xom
Yredelemnul

Annotations:
D:4 Pikel


Message History

Aiming: Freeze
Press: ? - help, Shift-Dir - straight line, f/p - Pikel
Aim: Pikel, wielding a whip of electrocution and wearing an embroidered robe (heavily wounded)
You freeze Pikel.
Pikel is severely wounded.
Pikel hits you with a whip of electrocution!
Casting: Freeze
Confirm with . or Enter, or press ? or * to list all spells.
Aiming: Freeze
Press: ? - help, Shift-Dir - straight line, f/p - Pikel
Aim: Pikel, wielding a whip of electrocution and wearing an embroidered robe (severely wounded)
You freeze Pikel.
Pikel is almost dead.
The slave shouts!
Pikel hits you with a whip of electrocution.
You hit Pikel but do no damage.
Pikel is almost dead.
Pikel hits you with a whip of electrocution.
You are electrocuted!
You die...

...
#.#
#p#
#p#
#.#
#p#
#.#
#K#
#@#
#.#
#.#
#.#
#.#
#.#
#.#
#.#


You could see Pikel and 3 slaves.

Vanquished Creatures
  5 adders
  An ooze (D:1)
  A worm (D:3)
  2 dart slugs
  A giant gecko (D:3)
  A ball python (D:2)
  6 giant cockroaches
  8 goblins
  10 hobgoblins
  6 jackals
  13 kobolds
  2 quokkas
  9 bats
  2 giant newts
  9 rats
76 creatures vanquished.

Notes
Turn   | Place    | Note
--------------------------------------------------------------
     0 | D:1      | Laan the Deep Elf Ice Elementalist began the quest for the Orb.
     0 | D:1      | Reached XP level 1. HP: 10/10 MP: 6/6
   134 | D:1      | Reached XP level 2. HP: 12/15 MP: 5/8
   145 | D:1      | Learned a level 2 spell: Throw Frost
   674 | D:1      | Reached XP level 3. HP: 19/19 MP: 7/9
  1188 | D:2      | Found a faded altar to an unknown god.
  1317 | D:2      | Found a basalt altar of Yredelemnul.
  1328 | D:2      | Found a radiant altar of Vehumet.
  1334 | D:2      | Became a worshipper of Vehumet
  1350 | D:2      | Found a snail-covered altar of Cheibriados.
  1368 | D:2      | Reached XP level 4. HP: 22/24 MP: 8/10
  1544 | D:2      | Found an oddly glowing altar of Pakellas.
  1717 | D:3      | Found a shimmering altar of Xom.
  2265 | D:3      | Reached * piety under Vehumet
  2265 | D:3      | Offered knowledge of Shock by Vehumet.
  2495 | D:4      | Noticed Pikel
  2495 | D:4      | Noticed a slave
  2495 | D:4      | Noticed a slave
  2495 | D:4      | Noticed a slave
  2495 | D:4      | Noticed a slave
  2509 | D:3      | Reached XP level 5. HP: 23/28 MP: 8/11
  2571 | D:4      | Slain by Pikel

Vault maps used:
D:1:      saegor_arrival_simple_d
D:2:      nicolae_overflow_quartered_altars, ecumenical_altar_2
D:3:      lemuel_doored_altar, minmay_goblin_kobold_house
D:4:      kennysheep_mini_moat, overflow_temple_1_default, okawaru_trees_2,
          uniq_blork_the_orc, uniq_pikel, uniq_duvessa

Skill      XL: |  1  2  3  4 |
---------------+-------------+-----
Ice Magic      | 4 |  4.0
Conjurations   | 2 3 4 |  4.9
Dodging        | |  2.4
Stealth        | |  2.4
Spellcasting   | |  3.0

Action                   |  1- 3 |  4- 6 || total
-------------------------+-------+-------++-------
Melee: Whip              |       |     2 ||     2
 Cast: Freeze            |    70 |    55 ||   125
       Throw Frost       |       |     4 ||     4
  Eat: Chunk             |     1 |     4 ||     5
Armor: Robe              |     4 |     3 ||     7
Dodge: Dodged            |    26 |    25 ||    51
